Map: Lightshade LE

Players

Nath

  • Race: Terran Terran
  • League: Master
  • Spawn Location: 11:00

Neferpitou - Winner!

  • Race: Protoss Protoss
  • League: Diamond
  • Spawn Location: 5:00

VOD

Have the link to the VOD?

Description

Time

  • Played on: Feb. 12, 2021, 4:47 a.m.
  • Length: 15:24
Show
View Real Time Build Order
Export as new Build Order

Nath Terran 

Build Orders: Reaper Expand 

Get SALT Encoding   

  12  0:00  SCV  
  13  0:13  SCV  
  14  0:17  Supply Depot  
  14  0:25  SCV  
  15  0:38  SCV  
  15  0:40  Barracks  
  16  0:47  Refinery  
  16  0:50  SCV  
  17  1:02  SCV  
  18  1:15  SCV  
  19  1:28  Orbital Command  
  19  1:31  Reaper  
  20  1:40  Command Center  
  20  1:51  Supply Depot  
  20  1:53  SCV  
  21  2:04  Bunker  
  21  2:05  SCV  
  21  2:06  Barracks Reactor  
  22  2:14  Barracks  
  22  2:18  SCV  
  23  2:24  Refinery  
  23  2:30  SCV  
  23  2:42  Marine x2  
  25  2:45  SCV  
  25  2:46  Factory  
  26  2:57  SCV  
  27  3:00  Marine x2  
  28  3:14  SCV  
  28  3:19  Barracks Tech Lab  
  29  3:20  Marine x2  
  31  3:37  Factory Tech Lab  
  31  3:38  Starport, Stimpack  
  31  3:46  Orbital Command, SCV, Marine x2  
  34  3:56  Siege Tank  
  34  3:58  SCV  
  34  4:00  Marine  
  39  4:06  Marine  
  39  4:07  Marine  
  41  4:10  SCV  
  41  4:12  Supply Depot  
  41  4:13  SCV  
  42  4:18  Marine  
  42  4:22  SCV  
  44  4:25  Medivac, SCV  
  44  4:26  Marine  
  44  4:28  Marine  
  49  4:34  SCV  
  49  4:36  Supply Depot  
  49  4:37  SCV  
  51  4:41  Siege Tank  
  54  4:46  SCV  
  54  4:48  Marine  
  54  4:49  SCV  
  54  4:51  Marine  
  58  4:57  Medivac  
  58  4:58  Marine  
  58  4:59  SCV  
  62  5:01  SCV  
  62  5:04  Supply Depot  
  63  5:10  Marine x2  
  63  5:11  SCV  
  63  5:13  SCV  
  67  5:16  Marine  
  67  5:18  Combat Shield  
  68  5:23  SCV  
  68  5:26  Supply Depot  
  68  5:28  Marine x2  
  70  5:32  Siege Tank  
  70  5:34  Marine  
  75  5:38  Supply Depot  
  75  5:43  SCV  
  75  5:45  Refinery, SCV  
  75  5:46  Marine  
  78  5:50  Refinery  
  78  5:51  Supply Depot  
  78  5:52  Medivac  
  80  6:00  SCV  
  80  6:02  Marine  
  82  6:10  Command Center, SCV  
  83  6:12  SCV  
  78  6:22  SCV  
  69  6:32  SCV  
  60  6:34  SCV  
  60  6:36  Concussive Shells  
  60  6:37  Siege Tank, Engineering Bay  
  60  6:38  Engineering Bay, Starport Reactor  
  60  6:39  Barracks  
  64  6:44  SCV, Marine  
  64  6:45  Marine  
  64  6:46  Marauder  
  64  6:47  SCV  
  70  6:48  Barracks  
  70  6:56  SCV  
  70  6:59  SCV  
  72  7:01  Bunker  
  72  7:02  Marine  
  72  7:03  Terran Infantry Weapons Level 1  
  72  7:06  Terran Infantry Armor Level 1  
  72  7:07  Marauder  
  75  7:08  SCV  
  75  7:12  SCV  
  77  7:19  Viking  
  77  7:21  SCV  
  80  7:24  Marine  
  80  7:25  Marine  
  80  7:28  Barracks Tech Lab, Marauder  
  84  7:34  Siege Tank  
  87  7:37  Missile Turret  
  87  7:39  Orbital Command  
  87  7:41  Missile Turret  
  87  7:42  Marine  
  88  7:48  SCV  
  88  7:50  Marauder  
  91  7:59  SCV  
  91  8:02  SCV  
  93  8:05  Armory  
  93  8:08  Siege Tank  
  93  8:09  Barracks Tech Lab, Marine x2  
  93  8:10  Viking x2  
  93  8:12  Orbital Command  
  102  8:18  SCV x2  
  104  8:20  Refinery  
  104  8:22  Refinery  
  104  8:23  Missile Turret  
  104  8:25  Marauder, Marine  
  107  8:30  SCV  
  108  8:36  SCV  
  108  8:37  SCV  
  108  8:38  Missile Turret  
  108  8:40  Marauder, Marine  
  113  8:41  Marine  
  113  8:42  SCV  
  113  8:43  Marauder  
  113  8:46  Marine  
  113  8:48  SCV  
  119  8:49  Supply Depot  
  119  8:50  SCV  
  119  8:52  Siege Tank, Supply Depot  
  123  8:58  Marine  
  123  8:59  Marine, Terran Infantry Weapons Level 2  
  123  9:01  Terran Infantry Armor Level 2  
  125  9:06  Supply Depot  
  125  9:10  Supply Depot  
  125  9:11  Viking x2  
  125  9:16  Marine x2  
  125  9:17  Marauder, Marine x2  
  133  9:19  Supply Depot  
  135  9:28  Supply Depot  
  135  9:29  Supply Depot  
  135  9:32  Siege Tank  
  135  9:34  Marine x2  
  135  9:35  Marauder  
  142  9:41  Medivac x2  
  142  9:43  Marine  
  142  9:44  Marauder  
  142  9:45  Missile Turret x2  
  149  10:04  Siege Tank, Marine  
  149  10:05  Marauder, Marine x2  
  157  10:11  Viking x2  
  144  10:14  Marine  
  135  10:22  Marine x2  
  135  10:23  Marine  
  135  10:26  Marine  
  123  10:32  Marine  
  111  10:40  Marine x3  
  112  10:43  Cyclone, Viking  
  112  10:44  Marine, Viking  
  112  10:47  Starport  
  112  10:48  Starport  
  112  10:50  Marine, Missile Turret  
  112  10:52  Missile Turret  
  112  10:53  Missile Turret  
  112  10:55  Terran Ship Weapons Level 1, Missile Turret x2  
  113  10:58  Barracks, Marine x3  
  113  11:02  Marine  
  117  11:08  Marine  
  118  11:11  Ghost Academy  
  118  11:13  Viking  
  118  11:14  Viking  
  118  11:16  Widow Mine, Marine x3  
  127  11:20  Marine  
  127  11:23  Viking  
  127  11:25  Marine, Viking  
  133  11:34  Drilling Claws, Marine x3  
  133  11:36  Terran Infantry Weapons Level 3  
  133  11:37  Widow Mine  
  138  11:41  Terran Infantry Armor Level 3  
  138  11:42  Marine  
  138  11:43  Viking, Marine  
  138  11:44  Viking  
  138  11:45  Marine  
  145  11:51  Marine x2  
  145  11:52  Marine  
  148  11:54  Viking  
  148  11:55  Viking  
  148  12:00  Widow Mine, Marine  
  155  12:01  Marine  
  155  12:03  Marine  
  157  12:09  Marine x2  
  157  12:10  Marine  
  157  12:13  Viking x2  
  157  12:14  Supply Depot  
  164  12:17  Marine  
  164  12:19  Marine  
  164  12:20  Marine  
  164  12:21  Widow Mine  
  169  12:24  Viking  
  169  12:25  Viking  
  169  12:27  Marine x2  
  169  12:28  Marine  
  176  12:33  Supply Depot  
  176  12:35  Marine  
  176  12:37  Marine  
  177  12:38  Marine  
  177  12:43  Viking  
  179  12:45  Marine x2  
  179  12:46  Marine  
  169  12:53  Marine  
  169  12:54  Marine  
  169  12:56  Marine  
  154  13:01  Viking x2  
  154  13:03  Marine x3  
  161  13:11  Marine  
  161  13:12  Marine  
  152  13:14  Marine  
  152  13:17  Widow Mine, Viking x2  
  152  13:20  Marine  
  152  13:21  Marine x2  
  155  13:29  Marine  
  155  13:30  Marine  
  155  13:31  Viking  
  155  13:32  Marine  
  160  13:37  Viking  
  160  13:38  Marine x2  
  160  13:39  Marine  
  165  13:43  Widow Mine  
  165  13:47  Viking x2, Marine  
  165  13:48  Marine  
  173  13:50  Marine  
  174  13:56  Marine x2  
  174  13:57  Marine  
  174  14:01  Viking  
  179  14:04  Marine  
  179  14:06  Marine  
  179  14:07  Marine, Viking  
  184  14:14  Command Center, Marine x2  
  184  14:15  Marine  
  187  14:17  Viking  
  187  14:21  Widow Mine  
  187  14:22  Marine  
  187  14:23  Marine  
  193  14:25  Marine  
  119  14:46  Marine x6  
  119  14:50  Widow Mine, Viking x2  
  104  15:03  Marine  
  104  15:04  Marine x4  
Show
View Real Time Build Order
Export as new Build Order

Neferpitou Protoss - Winner!

Build Orders: 1 Gate Expand, Phoenix Opening, Carriers, Colossus Rush 

Get SALT Encoding   

  12  0:00  Probe  
  13  0:12  Probe  
  14  0:18  Pylon  
  14  0:24  Probe  
  15  0:36  Gateway  
  15  0:37  Probe (Chrono Boost)  
  16  0:43  Assimilator  
  16  0:49  Probe (Chrono Boost)  
  17  0:55  Probe (Chrono Boost)  
  18  1:16  Nexus  
  18  1:26  Cybernetics Core  
  18  1:30  Zealot (Chrono Boost)  
  20  1:35  Probe  
  21  1:42  Pylon  
  21  1:47  Assimilator  
  21  1:50  Probe  
  22  2:01  Adept (Chrono Boost)  
  22  2:02  Probe  
  25  2:14  Probe  
  26  2:22  Stargate  
  26  2:26  Probe  
  27  2:31  Stalker (Chrono Boost)  
  27  2:32  Probe  
  30  2:38  Probe  
  32  2:44  Probe  
  32  2:45  Warp Gate  
  32  2:50  Probe  
  33  2:56  Probe, Stalker  
  36  3:02  Probe  
  37  3:08  Probe, Phoenix (Chrono Boost)  
  38  3:14  Probe  
  38  3:18  Pylon  
  37  3:20  Probe  
  39  3:27  Probe (Chrono Boost)  
  39  3:28  Adept  
  39  3:32  Probe (Chrono Boost)  
  42  3:37  Phoenix  
  42  3:40  Assimilator  
  43  3:42  Assimilator  
  43  3:45  Probe (Chrono Boost)  
  43  3:46  Probe (Chrono Boost)  
  44  3:51  Probe (Chrono Boost), Robotics Facility  
  44  3:53  Probe  
  46  4:03  Probe  
  46  4:05  Probe  
  48  4:10  Phoenix  
  48  4:15  Probe  
  51  4:17  Probe, Pylon  
  51  4:21  Pylon  
  52  4:27  Probe  
  52  4:29  Probe  
  54  4:36  Immortal (Chrono Boost)  
  54  4:39  Probe  
  54  4:41  Robotics Bay, Adept  
  61  4:56  Nexus  
  61  5:05  Immortal (Chrono Boost)  
  65  5:10  Probe x2, Pylon  
  67  5:18  Pylon  
  67  5:23  Probe  
  67  5:24  Probe  
  67  5:25  Shield Battery  
  69  5:31  Protoss Air Weapons Level 1  
  69  5:32  Colossus (Chrono Boost)  
  75  5:36  Probe  
  75  5:37  Probe  
  77  5:51  Probe x2  
  77  5:53  Shield Battery  
  77  5:54  Adept  
  80  6:01  Pylon  
  80  6:04  Pylon  
  80  6:10  Pylon  
  80  6:12  Pylon  
  80  6:15  Nexus  
  80  6:16  Colossus (Chrono Boost)  
  76  6:18  Adept  
  76  6:30  Probe x2  
  76  6:32  Fleet Beacon  
  74  6:34  Stargate  
  74  6:37  Stargate  
  74  6:39  Adept  
  76  6:42  Shield Battery  
  76  6:43  Pylon  
  76  6:45  Probe x2  
  78  6:57  Probe x2, Colossus (Chrono Boost)  
  86  7:04  Pylon  
  86  7:14  Assimilator  
  86  7:18  Assimilator  
  88  7:25  Shield Battery  
  88  7:33  Probe x2  
  90  7:38  Carrier (Chrono Boost)  
  90  7:43  Probe  
  93  7:53  Carrier (Chrono Boost)  
  93  7:54  Probe x2  
  93  7:55  Probe  
  93  8:02  Carrier (Chrono Boost)  
  98  8:06  Probe x2  
  98  8:07  Probe  
  101  8:18  Probe x2  
  101  8:19  Probe  
  104  8:22  Pylon  
  104  8:23  Carrier (Chrono Boost)  
  104  8:31  Probe x2  
  112  8:34  Protoss Air Weapons Level 2 (Chrono Boost)  
  112  8:37  Probe  
  113  8:46  Probe  
  113  8:47  Probe  
  121  8:51  Probe  
  121  8:52  Carrier (Chrono Boost)  
  126  9:04  Probe x2  
  126  9:06  Probe  
  126  9:07  Carrier (Chrono Boost)  
  135  9:20  Carrier (Chrono Boost)  
  135  9:23  Pylon  
  135  9:28  Nexus  
  135  9:42  Forge  
  135  9:45  Cybernetics Core  
  141  9:48  Carrier (Chrono Boost)  
  141  9:56  Probe x3  
  144  10:01  Carrier (Chrono Boost)  
  150  10:14  Carrier (Chrono Boost)  
  116  10:29  Probe x3  
  116  10:41  Probe, Assimilator  
  119  10:44  Assimilator  
  119  10:45  Probe x2  
  119  10:46  Probe  
  119  10:48  Protoss Shields Level 1  
  119  10:49  Carrier (Chrono Boost)  
  120  10:55  Probe  
  120  10:56  Carrier (Chrono Boost)  
  121  10:58  Probe  
  121  10:59  Probe  
  129  11:11  Protoss Air Weapons Level 3 (Chrono Boost)  
  129  11:13  Carrier (Chrono Boost)  
  135  11:19  Stargate  
  135  11:31  Nexus  
  135  11:37  Pylon  
  135  11:38  Probe x2  
  135  11:39  Probe  
  138  11:45  Protoss Air Armor Level 1 (Chrono Boost), Adept  
  140  11:49  Carrier (Chrono Boost)  
  152  12:02  Carrier (Chrono Boost)  
  152  12:07  Carrier (Chrono Boost)  
  156  12:21  Assimilator  
  162  12:23  Carrier (Chrono Boost)  
  162  12:26  Assimilator  
  162  12:27  Shield Battery, Pylon  
  162  12:38  Stargate  
  162  12:39  Pylon  
  162  12:44  Twilight Council  
  162  12:56  Carrier (Chrono Boost)  
  162  13:00  Carrier (Chrono Boost)  
  152  13:23  Carrier (Chrono Boost)  
  158  13:30  Carrier (Chrono Boost)  
  164  13:51  Carrier (Chrono Boost)  
  164  13:57  Carrier (Chrono Boost)  
  170  14:05  Pylon  
  170  14:16  Nexus  
Tags
 
Add a new tag
Caveats
  • Supply blocks, unpowered buildings, or Contaminate may cause inaccurate times.
  • Supply counts are checked every 10 seconds.